AoeStats
← jmplante19

Black Forest

508563245Analyzed
2v2 RM · 9d ago on Sep 23, 2026· 55m 14s· 4 players
Game mode
Random Map
Map size
Medium (4 player)
Population
200
Speed
Normal
Resources
Standard
Victory
Conquest
Starting age
Dark Age
Ending age
Imperial Age
RankedLock teamsTeams togetherTeam positionsShared explorationLock speedFull tech treeHidden civsTurbo modeCheats
Victory
Defeat
🇨🇴 Portuguese · Colombia
747
+15
🇨🇴 Persians · Colombia
739
+15
🇨🇦 Britons · Canada
729
-15
🇨🇦 Vietnamese · Canada
710
-15
jmplante19
1:42 Loom
15:22 Feudal Age
17:30 Wheelbarrow
20:11 Castle Age
19:47 Wheelbarrow
22:56 Hand Cart
27:02 Pikeman
33:55 Imperial Age
33:23 Fletching
33:33 Padded Archer Armor
34:04 Squires
34:14 Scale Barding Armor
35:08 Forging
34:55 Bodkin Arrow
35:15 Leather Archer Armor
35:08 Thumb Ring
34:37 Elite Skirmisher
36:49 Chemistry
36:16 Double-Bit Axe
36:15 Horse Collar
36:27 Capped Ram
37:43 Chatras
38:44 Bracer
40:16 Ring Archer Armor
40:51 Paper Money
42:51 Heavy Plow
43:05 Bow Saw
44:49 Halberdier
46:35 Iron Casting
46:00 Scale Mail Armor
46:21 Chain Barding Armor
46:49 Fortified Wall
47:11 Husbandry
47:22 Bloodlines
46:52 Imperial Skirmisher
48:53 Elite Battle Elephant
snippypannic
1:26 Loom
14:49 Feudal Age
20:07 Castle Age
17:56 Double-Bit Axe
19:42 Man-at-Arms
21:10 Fletching
21:07 Horse Collar
23:53 Pikeman
25:04 Crossbowman
26:48 Bow Saw
27:23 Bodkin Arrow
33:50 Wheelbarrow
33:01 Town Watch
33:43 Padded Archer Armor
34:32 Stone Mining
36:24 Yeomen
36:30 Murder Holes
42:12 Imperial Age
40:15 Fortified Wall
42:23 Treadmill Crane
42:55 Masonry
42:36 Halberdier
43:39 Onager
43:59 Elite Skirmisher
47:52 Two-Man Saw
49:09 Elite Longbowman
50:11 Bracer
50:55 Leather Archer Armor
53:37 Forging
55:57 Ring Archer Armor
andesign03
0:31 Loom
20:32 Feudal Age
23:02 Wheelbarrow
22:13 Town Watch
22:20 Gold Mining
22:23 Stone Mining
22:17 Horse Collar
22:24 Double-Bit Axe
29:47 Castle Age
28:00 Scale Barding Armor
28:10 Padded Archer Armor
28:09 Fletching
28:45 Forging
29:14 Scale Mail Armor
30:59 Husbandry
31:10 Bloodlines
30:20 Light Cavalry
31:32 Chain Barding Armor
31:47 Iron Casting
32:07 Heavy Plow
33:55 Stone Shaft Mining
37:43 Imperial Age
36:38 Bow Saw
39:17 Cavalier
40:22 Hand Cart
41:34 Two-Man Saw
41:59 Crop Rotation
41:34 Town Patrol
43:15 Plate Barding Armor
43:40 Blast Furnace
44:47 Fortified Wall
45:44 Chemistry
45:05 Ballistics
44:41 Murder Holes
44:35 Elite Organ Gun
45:48 Masonry
45:19 Treadmill Crane
47:13 Leather Archer Armor
46:53 Bodkin Arrow
48:33 Guilds
dfos17
11:18 Feudal Age
12:04 Double-Bit Axe
16:51 Castle Age
16:52 Horse Collar
17:08 Gold Mining
17:32 Bow Saw
18:59 Stone Mining
21:20 Heavy Plow
23:11 Wheelbarrow
22:26 Loom
23:38 Stone Shaft Mining
25:30 Hand Cart
25:03 Town Watch
25:24 Fletching
26:53 Gold Shaft Mining
26:09 Man-at-Arms
26:58 Long Swordsman
31:19 Imperial Age
32:42 Two-Man Saw
34:13 Crossbowman
36:33 Crop Rotation
36:49 Thumb Ring
37:14 Forging
37:10 Scale Barding Armor
38:04 Ballistics
39:54 Town Patrol
40:01 Kamandaran
40:20 Onager
43:05 Iron Casting
42:26 Bodkin Arrow
44:16 Chain Barding Armor
43:52 Bodkin Arrow
45:05 Elite War Elephant
46:52 Chemistry
51:37 Plate Barding Armor
52:06 Blast Furnace
53:19 Padded Archer Armor
Connection lost

Rejoining the realm…

Still unreachable

The connection could not be restored.

Session expired

The server has moved on; the page needs a fresh start.